 Dungeon Crawl Stone Soup version 0.28-a0-1404-g4df0f3684d (webtiles) character file.

Game seed: 12878148914384892137

217 HallandMoats the Shield-Bearer (level 5, -1/70 HPs)
             Began as a Minotaur Fighter on Jan 5, 2022.
             Succumbed to an orc wizard's poison
             ... on level 3 of the Dungeon.
             The game lasted 00:01:44 (2258 turns).

HallandMoats the Shield-Bearer (Minotaur Fighter)   Turns: 2258, Time: 00:01:45

Health: -1/70      AC:  9    Str: 20    XL:     5   Next: 62%
Magic:  5/6        EV: 10    Int:  5    God:
Gold:   77         SH: 10    Dex: 12    Spells: 4/4 levels left

rFire   . . .      SeeInvis .   a - +0 war axe
rCold   + . .      Faith    .   c - +0 buckler
rNeg    . . .      Spirit   .   b - +0 scale mail
rPois   .          Reflect  +   (helmet restricted)
rElec   .          Harm     .   (no cloak)
rCorr   .          Rampage  .   (no gloves)
Will    .....                   q - +1 pair of boots
Stlth   ..........              i - amulet of reflection
HPRegen 0.21/turn               p - ring of protection from cold
MPRegen 0.10/turn               (no ring)

@: berserking (expiring), lethally poisoned (-1 -> -26), very quick
A: horns 2, retaliatory headbutt
a: no special abilities


You were on level 3 of the Dungeon.
You visited 1 branch of the dungeon, and saw 3 of its levels.

You collected 77 gold pieces.

Inventory:

Hand Weapons
 a - a +0 war axe (weapon)
Armour
 b - a +0 scale mail (worn)
 c - a +0 buckler (worn)
 q - a +1 pair of boots (worn)
Jewellery
 e - a ring of ice
 i - an amulet of reflection (around neck)
 p - a ring of protection from cold (left hand)
 s - a ring of see invisible
Scrolls
 f - 5 scrolls of identify {unknown}
 j - 3 scrolls of teleportation {unknown}
 k - 2 scrolls of noise {unknown}
 l - a scroll of torment {unknown}
 m - a scroll of enchant armour {unknown}
 r - a scroll of holy word {unknown}
 t - a scroll of brand weapon {unknown}
Potions
 d - a potion of might
 g - 2 potions of berserk rage
 h - a potion of mutation {unknown}
 n - a potion of curing {unknown}
 o - a potion of lignification {unknown}


   Skills:
 + Level 4.4 Fighting
 + Level 3.5 Axes
 + Level 4.3 Armour
 + Level 1.8 Dodging
 + Level 4.5 Shields
 * Level 2.7 Invocations


You had 4 spell levels left.
You didn't know any spells.
Your spell library was empty.

Dungeon Overview and Level Annotations

Branches:
Dungeon (3/15)

Altars:


Innate Abilities, Weirdness & Mutations

You have a pair of horns on your head.
You reflexively headbutt those who attack you in melee.


Message History

You are lethally poisoned!
You are too berserk!
You closely miss the orc wizard.
The orc wizard is moderately wounded.
You closely miss the orc wizard.
You feel very sick.
You hit the orc wizard.
The orc wizard is heavily wounded.
You slash the orc wizard!
You feel very sick.
The orc wizard gestures wildly while chanting.
The orc wizard flickers and vanishes!
Deactivating autopickup; reactivate with Ctrl-A.
The orc hits you from afar with a +0 trident.
* * * LOW HITPOINT WARNING * * *
The orc wizard hits you but does no damage.
You closely miss the orc wizard.
The orc wizard is heavily wounded.
You hit something.
* * * LOW HITPOINT WARNING * * *
You feel very sick. Something hits you but does no damage.
You are more poisoned.
You block the orc's attack. You block the orc wizard's attack.
You slash the orc wizard!
You kill the orc wizard!
You miss something.
* * * LOW HITPOINT WARNING * * *
You feel very sick. Something hits you.
* * * LOW HITPOINT WARNING * * *
You are more poisoned.
The orc barely misses you.
You closely miss something. You headbutt something.
Reactivating autopickup.
You feel a bit more experienced.
* * * LOW HITPOINT WARNING * * *
You feel very sick. The orc closely misses you.
You die...

........# .#....).#
#........# .#......#
#........# .##.#.#.#
#........# ###...#.#
#.....<..# ##....#
#........#
#..#######........#
####..#.....#........#
...............)@o...#
......#.....###.######
.....>#............#
......# ...........#
...........#.......#
...........#.......#
.......... #.......#
......#### #.......#
......# #.......# ####


You could see an orc.

Vanquished Creatures
  An ogre (D:3)
  2 orc wizards (D:3)
  An adder (D:2)
  2 worms
  5 dart slugs
  5 orcs (D:3)
  2 ball pythons
  8 endoplasms
  2 giant cockroaches (D:1)
  4 goblins
  2 hobgoblins (D:2)
  A quokka (D:3)
  3 bats
  6 frilled lizards
  7 kobolds
  9 rats
60 creatures vanquished.

Vanquished Creatures (others)
  A plant (D:1)
1 creature vanquished.

Grand Total: 61 creatures vanquished

Notes
Turn   | Place    | Note
-------+----------+-------------------------------------------
     0 | D:1      | HallandMoats the Minotaur Fighter began the quest for the
                  | Orb.
     0 | D:1      | Reached XP level 1. HP: 19/19 MP: 0/0
   120 | D:1      | Reached XP level 2. HP: 27/27 MP: 1/1
   242 | D:1      | Reached skill level 1 in Invocations
   431 | D:1      | Found a faded altar of an unknown god.
   609 | D:1      | Reached XP level 3. HP: 24/33 MP: 1/3
   988 | D:2      | Reached skill level 1 in Dodging
  2029 | D:3      | Noticed an ogre
  2037 | D:3      | Killed an ogre
  2038 | D:3      | Reached XP level 4. HP: 40/40 MP: 4/4
  2038 | D:3      | Reached XP level 5. HP: 46/46 MP: 5/5
  2257 | D:3      | HP: 3/70 [poisoned by an orc wizard]
  2258 | D:3      | Succumbed to an orc wizard's poison

Illustrated notes

Levels and vault maps discovered:
D:1:      dpeg_arrival_simpleton_c, layout_loops_ring, serial_bayou,
          serial_bayou_shore_b, serial_bayou_shore_a, serial_bayou_pond_b,
          serial_bayou_ford_a, ebering_ecumenical_altar_sacrificial
D:2:      layout_basic, serial_corexii_hall, chequers_hall_statues_corner_a,
          chequers_hall_statues_y, minivault_23
D:3:      layout_basic

Skill      XL: |  1  2  3 |
---------------+----------+-----
Invocations    | 1 2 |  2.7
Dodging        | 1 |  1.8
Shields        | 4 |  4.5
Axes           | 3 |  3.5
Fighting       | 4 |  4.4
Armour         | 4 |  4.3

Action                   |  1- 3 |  4- 6 || total
-------------------------+-------+-------++-------
Melee: War axe           |    82 |    30 ||   112
       Headbutt          |     6 |     4 ||    10
  Use: Potion            |       |     1 ||     1
Armor: Scale mail        |    44 |    20 ||    64
Dodge: Dodged            |    28 |    15 ||    43
Block: Buckler           |    15 |    19 ||    34
       Reflection        |       |     1 ||     1

Table legend: (Time is in decaauts)
 A = Elapsed time spent in this place.
 B = Non-inter-level travel time spent in this place.
 C = Inter-level travel time spent in this place.
 D = Time resting spent in this place.
 E = Time spent auto-exploring this place.
 F = Levels seen in this place.
 G = Mean time per level.
                   A        B        C        D        E       F      G
               +--------+--------+--------+--------+--------+-----+--------+
         Total |   2319 |   2180 |    139 |      0 |   1826 |   3 |  773.0 |
       Dungeon |   2319 |   2180 |    139 |      0 |   1826 |   3 |  773.0 |
               +--------+--------+--------+--------+--------+-----+--------+

Top non-repeatable levels by time:
     D:1: 964 daAuts
     D:2: 882 daAuts
     D:3: 473 daAuts
